 Dungeon Crawl Stone Soup version 0.24-a0-271-ga0fc33f (webtiles) character file.

Game seed: 10624579835421321635

54 AngleWyrm the Caller (level 3, -2/25 HPs)
             Began as a Merfolk Summoner on Apr 22, 2019.
             Slain by an orc
             ... wielding a +0 dagger of distortion
              (23 damage)
             ... on level 3 of the Dungeon.
             The game lasted 00:23:18 (1992 turns).

AngleWyrm the Caller (Merfolk Summoner)             Turns: 1992, Time: 00:23:19

Health: -2/25      AC:  4    Str:  9    XL:     3   Next: 91%
Magic:  0/6        EV: 12    Int: 14    God:
Gold:   150        SH:  0    Dex: 14    Spells: 1/7 levels left

rFire    . . .     SeeInvis .   m - +0 trident
rCold    . . .     Gourm    .   (no shield)
rNeg     . . .     Faith    .   l - +1 leather armour
rPois    .         Spirit   .   g - +0 hat
rElec    .         Reflect  .   (no cloak)
rCorr    .         Harm     .   (no gloves)
MR       .....                  (no boots)
Stlth    ++........             (no amulet)
HPRegen  0.08/turn              (no ring)
MPRegen  0.10/turn              (no ring)

@: no status effects
A: change form in water, swift swim, stealthy swim
a: no special abilities


You were on level 3 of the Dungeon.
You were not hungry.

You visited 1 branch of the dungeon, and saw 4 of its levels.

You collected 150 gold pieces.

Inventory:

Hand Weapons
 e - a +0 club
 f - a +2 short sword of speed
 h - a +0 spear
 i - a +0 dagger of protection
 m - a +0 trident (weapon)
 o - a +4 hand axe
Missiles
 b - 66 stones (quivered)
 p - 36 arrows
Armour
 a - a +0 robe
 g - a +0 hat (worn)
 l - a +1 leather armour (worn)
Scrolls
 d - 4 scrolls of identify
 j - 3 scrolls of remove curse
Comestibles
 c - 5 rations


   Skills:
 + Level 0.4 Fighting
 * Level 0.9 Short Blades
 * Level 1.6 Polearms
 * Level 0.6 Armour
 + Level 2.8 Dodging
 + Level 2.3 Stealth
 + Level 2.5 Spellcasting
 + Level 4.3 Summonings


You had one spell level left.
You knew the following spells:

 Your Spells              Type           Power        Failure   Level  Hunger
a - Summon Small Mammal   Summ           ##..         4%          1    #......
b - Call Imp              Summ           ##......     8%          2    ###....
c - Call Canine Familiar  Summ           ##......     16%         3    ###....

Your spell library contained the following spells:

 Spells                   Type           Power        Failure   Level  Hunger
 Summon Guardian Golem    Hex/Summ       #.......     36%         3    ###....
 Summon Ice Beast         Ice/Summ       #.......     77%         4    #####..
 Summon Lightning Spire   Summ/Air       #.......     77%         4    #####..


Dungeon Overview and Level Annotations

Branches:
Dungeon (4/15)
 Temple: D:4-7

Altars:


Message History

Aim: an orc, wielding a +0 hand axe You reach to attack!
You barely miss the orc.
Your hound closely misses the orc priest.
Your crimson imp completely misses the orc priest.
Your hound barely misses the orc priest.
You puncture the orc!
You kill the orc!
Your hound bites the orc priest.
Your crimson imp hits the orc priest but does no damage.
Casting: Call Imp (safe; 8% risk of failure)
Confirm with . or Enter, or press ? or * to list all spells.
Your hound closely misses the orc priest.
The orc priest hits you with a cursed -2 dagger.
Your hound bites the orc priest.
You barely miss the orc priest.
The orc priest is heavily wounded.
Your bat barely misses the orc.
Your hound bites the orc priest.
The orc hits you but does no damage. Space warps horribly around you!!
Ouch! That really hurt!
You die...

#.# ###....#
##.## #...#..#
#...# #.###..#
#...###.###..###
#......†.......#
#...###.####..##
#...# #.####..##
##### #.##.....#
#.##b..@.#
#.....oo.#
####...5h#
#....o#######
#........oo.#
#.....#####o#
#..(..# #.#
#.....# #.#
##...## #o#


You could see an orc priest, 2 orcs, a friendly hound, a friendly crimson imp
and a friendly bat.

Vanquished Creatures
  2 orcs (D:3)
  A ball python (D:2)
  6 bats
  2 giant cockroaches
  3 hobgoblins
  3 kobolds
  A quokka (D:2)
  A frilled lizard (D:3)
  5 goblins
  6 rats
30 creatures vanquished.

Vanquished Creatures (collateral kills)
  An adder (D:3)
  An ooze (D:3)
  A dart slug (D:1)
  A leopard gecko (D:1)
  A giant cockroach (D:3)
  4 goblins
  2 hobgoblins
  4 kobolds
  A ball python (D:2)
  3 frilled lizards
19 creatures vanquished.

Grand Total: 49 creatures vanquished

Notes
Turn   | Place    | Note
-------+----------+-------------------------------------------
     0 | D:1      | AngleWyrm the Merfolk Summoner began the quest for the Orb.
     0 | D:1      | Reached XP level 1. HP: 13/13 MP: 3/3
   464 | D:1      | Reached XP level 2. HP: 19/19 MP: 5/5
   468 | D:1      | Learned a level 2 spell: Call Imp
   868 | D:2      | Reached XP level 3. HP: 24/24 MP: 6/6
  1140 | D:2      | Reached skill level 1 in Polearms
  1444 | D:3      | Learned a level 3 spell: Call Canine Familiar
  1992 | D:3      | Slain by an orc

Levels and vault maps discovered:
D:1:      dpeg_arrival_concentric_ovals, layout_rooms
D:2:      layout_basic
D:3:      layout_basic, first_ration
D:4:      layout_basic, uniq_grinder, uniq_edmund

Skill      XL: |  1  2  3 |
---------------+----------+-----
Polearms       | 1 |  1.6
Fighting       | |  0.4
Short Blades   | |  0.9
Armour         | |  0.6
Dodging        | |  2.8
Stealth        | |  2.3
Spellcasting   | |  2.5
Summonings     | |  4.3

Action                   || total
-------------------------++-------
Melee: Club              ||     8
       Short sword       ||     5
       Spear             ||    63
       Trident           ||    17
Throw: Stone             ||     8
 Cast: Summon Small Mamm ||     5
       Call Imp          ||    15
       Call Canine Famil ||     4
  Use: Scroll            ||     5
       Potion            ||     1
 Stab: Sleeping          ||     4
  Eat: Chunk             ||     5
Armor: Robe              ||    13
       Leather armour    ||     3
Dodge: Dodged            ||    55

Table legend:
 A = Non-vault XP
 B = Vault XP
 C = Vault XP percentage of total XP
 D = Non-vault monster count
 E = Vault monster count
 F = Vault count percentage of total count
                 A         B        C        D         E       F
            +---------+---------+-------+---------+---------+-------
      Total |      78 |       0 |   0.0 |      49 |       0 |   0.0
            +---------+---------+-------+---------+---------+-------
        D:1 |      19 |       0 |   0.0 |      12 |       0 |   0.0
        D:2 |      25 |       0 |   0.0 |      19 |       0 |   0.0
        D:3 |      34 |       0 |   0.0 |      18 |       0 |   0.0
            +---------+---------+-------+---------+---------+-------
